 Dungeon Crawl Stone Soup version 0.28.0-47-ge53b351184 (webtiles) character file.

Game seed: 4446531605121808863

42 Cak3Hol3 the Vexing (level 3, 0/14 HPs)
             Began as a Felid Enchanter on May 4, 2022.
             Slain by a goblin
             ... wielding a +3 dagger
              (2 damage)
             ... on level 2 of the Dungeon.
             The game lasted 00:13:42 (2504 turns).

Cak3Hol3 the Vexing (Felid Enchanter)               Turns: 2504, Time: 00:13:42

Health: 0/14       AC:  1    Str:  1 (4)  XL:     3   Next: 35%
Magic:  7/7        EV: 17    Int: 14 (16) God:
Gold:   68         SH:  0    Dex: 16 (18) Spells: 3/6 levels left
                                        Lives:  0   Deaths: 0

rFire   . . .      SeeInvis +     - Unarmed
rCold   . . .      Faith    .   (shield unavailable)
rNeg    . . .      Spirit   .   (armour unavailable)
rPois   .          Reflect  .   (helmet unavailable)
rElec   .          Harm     .   (cloak unavailable)
rCorr   .          Rampage  .   (gloves unavailable)
Will    .....                   (boots unavailable)
Stlth   +++.......              (no amulet)
HPRegen 0.04/turn               (no ring)
MPRegen 0.10/turn               (no ring)

@: invisible, quick
A: very small, claws 1, fangs 3, see invisible, speed 1, shaggy fur 1, stealthy
paws, no weapons or thrown items, no armour, multi-lived
a: no special abilities


You were on level 2 of the Dungeon.
You visited 1 branch of the dungeon, and saw 2 of its levels.

You collected 68 gold pieces.

Inventory:

Hand Weapons
 d - a +2 short sword of speed
 g - a +0 club
Missiles
 h - 2 poisoned darts
 l - 26 arrows
Armour
 e - a +0 pair of gloves
 f - +0 storm dragon scales
 n - the +0 leather armour "Pazxir Walaj" {Harm Int+2}
   (You found it on level 2 of the Dungeon)

   Int:       It affects your intelligence (+2).
   Harm:      It increases damage dealt and taken.
Scrolls
 c - a scroll of blinking {unknown}
 i - a scroll of fog {unknown}
 j - a scroll of vulnerability {unknown}
 m - a scroll of magic mapping {unknown}
Potions
 a - a potion of invisibility
 k - a potion of curing {unknown}


   Skills:
 + Level 0.1 Fighting
 + Level 3.0 Dodging
 + Level 4.7 Stealth
 * Level 2.0 Unarmed Combat
 + Level 2.0 Spellcasting
 + Level 4.9 Hexes


You had 3 spell levels left.
You knew the following spells:

 Your Spells              Type           Power      Damage    Failure   Level
a - Confusing Touch       Hex            15%        N/A       10%         3

Your spell library contained the following spells:

 Spells                   Type           Power      Damage    Failure   Level
 Tukima's Dance           Hex            15%        N/A       10%         3
 Ensorcelled Hibernation  Hex/Ice        16%        N/A       13%         2
 Animate Skeleton         Necr           2%         N/A       24%         1
 Pain                     Necr           4%         1d4       24%         1
 Dazzling Flash           Conj/Hex       16%        N/A       26%         3
 Vampiric Draining        Necr           1%         2d6       56%         3


Dungeon Overview and Level Annotations

Branches:
Dungeon (2/15)

Altars:


Innate Abilities, Weirdness & Mutations

You have sharp claws.
You have razor-sharp teeth.
You have supernaturally acute eyesight. (SInv)
You cover ground quickly. (Speed+)
You are covered in fur. (AC +1)
Your paws help you pounce on unaware monsters.
You are incapable of wielding weapons or throwing items.
You cannot wear armour.
You gain extra lives every three experience levels.


Message History

You scratch the gnoll.
The gnoll is severely wounded.
The gnoll hits you but does no damage.
You closely miss the gnoll.
The gnoll is severely wounded.
You closely miss the gnoll.
The gnoll is severely wounded.
The gnoll hits you with a +0 club. The goblin completely misses you.
The gnoll hits you with a +0 club.
* * * LOW HITPOINT WARNING * * *
The gnoll closely misses you.
A goblin comes into view. It is wielding a +0 club.
The ball python hisses angrily.
Casting: Confusing Touch (potentially lethal; 9% risk of failure)
Press: ? - help, Q - select action, (/) - cycle Dir - look around, f - activate Look: a goblin, wielding a +0 club (chance to affect: 67%)
Your paws begin to glow red.
The goblin barely misses you.
You scratch the goblin but do no damage.
The goblin barely misses you.
There are monsters nearby!
It was a potion of degeneration.
There was something very wrong with that liquid.
You feel weakened.
You feel dopey.
You feel clumsy.
Your paws stop glowing.
You start resting.
A goblin is nearby!
You see here a +0 club.
The kobold shouts!
The goblin hits you with a +3 dagger.
* * * LOW HITPOINT WARNING * * *
You scratch the goblin.
The goblin is moderately wounded.
The kobold throws a stone.
The stone barely misses you.
The stone barely misses the goblin.
The goblin hits you with a +3 dagger.
* * * LOW HITPOINT WARNING * * *
You fade into invisibility!
The goblin completely misses you. The goblin hits you with a +3 dagger.
You die...

#...#..$.#.#†### #......
#...##.......## ###....
#...##........######.g##
#...##......#.....#...##
#...##..................
#...##........######....
#...##..................
.#########...##.....#............
................@...K.#..........
..########...##..g..#...........g
#...##.....###..........
##.####..)..# #.........# #.g#
###...# #...(..>### #.##
#...##....##..# #.#
#####.#....##.##.##
####.###.....g.#####.#..#
###.......<###.#.# #....#####


You could see 2 goblins and a kobold.

Vanquished Creatures
  An adder (D:2)
  A worm (D:2)
  A dart slug (D:1)
  A ball python (D:1)
  An endoplasm (D:2)
  4 giant cockroaches (D:1)
  4 goblins (D:1)
  3 hobgoblins (D:1)
  3 kobolds
  2 bats
  3 frilled lizards
  2 rats
26 creatures vanquished.

Notes
Turn   | Place    | Note
-------+----------+-------------------------------------------
     0 | D:1      | Cak3Hol3 the Felid Enchanter began the quest for the Orb.
     0 | D:1      | Reached XP level 1. HP: 7/7 MP: 4/4
   654 | D:1      | Reached XP level 2. HP: 11/11 MP: 6/6
  2103 | D:2      | Reached XP level 3. HP: 14/14 MP: 7/7
  2174 | D:2      | Learned a level 3 spell: Confusing Touch
  2243 | D:2      | Identified the +0 leather armour "Pazxir Walaj" {Harm
                  | Int+2}
  2345 | D:2      | Found a faded altar of an unknown god.
  2504 | D:2      | Slain by a goblin

Illustrated notes

Levels and vault maps discovered:
D:1:      nzn_arrival_depleted_hourglass, layout_basic
D:2:      layout_rooms, ebering_ecumenical_altar_ruins, basic_altar,
          grunt_decor_arrowhead

Skill      XL: |  1  2  3 |
---------------+----------+-----
Dodging        | 3 |  3.0
Unarmed Combat | 2 |  2.0
Fighting       | |  0.1
Stealth        | |  4.7
Spellcasting   | |  2.0
Hexes          | |  4.9

Action                   || total
-------------------------++-------
Melee: Unarmed           ||   103
       Bite              ||    13
       Punch             ||     3
 Cast: Confusing Touch   ||     1
  Use: Potion            ||     2
 Stab: Sleeping          ||     4
Armor: Skin              ||     5
Dodge: Dodged            ||    81
